 Dungeon Crawl Stone Soup version 0.22-a0 (webtiles) character file.

89107 Gorglomux the Warrior (level 15, 0/140 (141) HPs)
             Began as a Grey Draconian Arcane Marksman on Dec 31, 2017.
             Was the Champion of Wu Jian.
             Slain by a deep troll (13 damage)
             ... on level 2 of the Orcish Mines.
             The game lasted 01:40:59 (31388 turns).

Gorglomux the Warrior (DrAM)                       Turns: 31388, Time: 01:40:59

HP:   0/140 (141)   AC: 23    Str: 13    XL:     15   Next: 48%
MP:   26/26         EV: 21    Int: 14    God:    Wu Jian [******]
Gold: 909           SH:  6    Dex: 17    Spells: 22/28 levels left

rFire    + . .     SeeInvis +   a - +6 hand axe (flame)
rCold    + . .     Gourm    .   K - +1 buckler
rNeg     . . .     Faith    .   (armour unavailable)
rPois    .         Spirit   .   (helmet restricted)
rElec    .         Reflect  .   x - +2 cloak
rCorr    .         Harm     .   F - +2 pair of gloves
MR       +....                  J - +2 pair of boots {run}
Stlth    +.........             (no amulet)
HPRegen  0.33/turn              s - ring of see invisible
MPRegen  0.20/turn              h - ring of Impatience {+Blink +Fly rF+ rC+ Stlth-}

@: studying Translocations, drained, quick
A: walk through water, unfitting armour, unbreathing, cold-blooded, AC +14
a: Wall jump, Serpent's Lash, Heavenly Storm, Renounce Religion, Evoke Blink,
Evoke Flight


You were on level 2 of the Orcish Mines.
You worshipped Wu Jian.
Wu Jian was exalted by your worship.
You were hungry.

You visited 4 branches of the dungeon, and saw 24 of its levels.
You also visited: Labyrinth.

You collected 1845 gold pieces.
You spent 936 gold pieces at shops.

Inventory:

Hand Weapons
 a - a +6 hand axe of flaming (weapon)
 b - a +0 hand crossbow
 w - a +0 blowgun
Missiles
 c - 133 bolts
 C - 7 curare-tipped needles
 Z - 3 throwing nets (quivered)
Armour
 x - a +2 cloak (worn)
 F - a +2 pair of gloves (worn)
 J - a +2 pair of boots of running (worn)
 K - a +1 buckler (worn)
Jewellery
 g - an uncursed ring of resist corrosion
 h - the ring of Impatience (right hand) {+Blink +Fly rF+ rC+ Stlth-}
   (You found it on level 3 of the Lair of Beasts)

   [ring of flight]

   It protects you from fire.
   It protects you from cold.
   It lets you fly.
   It lets you blink.
   It makes you less stealthy.
 o - an uncursed ring of poison resistance
 p - the ring of Socvergh {Wiz +Inv}
   (You found it on level 2 of the Lair of Beasts)

   [ring of wizardry]

   It improves your spell success rate.
   It lets you turn invisible.
 s - a ring of see invisible (left hand)
 y - a +3 ring of slaying
Wands
 m - a wand of polymorph (6)
 u - a wand of flame (17)
 A - a wand of acid (20)
 D - a wand of digging (29)
 E - a wand of enslavement (7)
 I - a wand of iceblast (31)
 P - a wand of paralysis (5)
 S - a wand of scattershot (14)
Scrolls
 e - a scroll of torment {unknown}
 i - 9 scrolls of remove curse
 B - 5 scrolls of blinking
 L - 6 scrolls of amnesia
 M - a scroll of magic mapping
 N - 4 scrolls of immolation
 R - 7 scrolls of identify
 T - 10 scrolls of teleportation
Potions
 f - 2 potions of cancellation {unknown}
 l - 5 potions of mutation {!q}
 n - 2 potions of might
 q - a potion of berserk rage
 r - a potion of ambrosia
 v - 2 potions of flight
 z - 3 potions of haste
 H - 2 potions of resistance
 O - 3 potions of agility
 Q - 6 potions of curing
 U - 5 potions of brilliance
 Y - 4 potions of heal wounds
Books
 t - a book of Beasts

   Spells                             Type                      Level
   a - Summon Butterflies             Summoning                    1
   b - Call Canine Familiar           Summoning                    3
   c - Summon Ice Beast               Ice/Summoning                4
   d - Summon Mana Viper              Hexes/Summoning              5
   e - Summon Hydra                   Summoning                    7
 G - a manual of Translocations
Miscellaneous
 j - a fan of gales
 V - a phantom mirror
 W - a sack of spiders
 X - a phial of floods
Comestibles
 d - 25 rations


   Skills:
 - Level 15.0(14.3) Fighting
 - Level 11.7(11.1) Axes
 - Level 4.0(3.5) Crossbows
 + Level 13.1(12.5) Dodging
 - Level 4.6(4.1) Shields
 - Level 0.2(0.0) Unarmed Combat
 + Level 7.4(6.9) Spellcasting
 - Level 2.6(2.2) Hexes
 + Level 8.0(7.4) Necromancy
 + Level 9.6(9.0) Earth Magic
 - Level 5.1(4.6) Evocations


You had 22 spell levels left.
You knew the following spells:

 Your Spells              Type           Power        Failure   Level  Hunger
a - Corona                Hex            ##.....      6%          1    None
b - Borgnjor's Vile Clut  Necr/Erth      ####......   13%         5    ######.


Dungeon Overview and Level Annotations

Branches:
Dungeon (15/15)            Temple (1/1) D:6            Lair (6/6) D:9
 Shoals (0/4) Lair:3        Snake (0/4) Lair:4        Slime (0/5) Lair:5
    Orc (2/2) D:9          Vaults (0/5) D:13         Depths (0/5) D:15
    Elf: Orc:2

Altars:
Ashenzari
Cheibriados
Dithmenos
Elyvilon
Fedhas
Gozag
Hepliaklqana
Kikubaaqudgha
Makhleb
Nemelex Xobeh
Okawaru
Qazlal
Ru
Sif Muna
Trog
Uskayaw
Vehumet
Wu Jian
Xom
Yredelemnul
Zin
The Shining One
Beogh
Jiyva

Shops:
D:7 [}   D:8 *   D:11 [

Annotations:
Lair:2 exclusion: obsidian statue
Lair:5 exclusion: 4 oklob plants


Innate Abilities, Weirdness & Mutations

You can walk through water.
Your dull iron-grey scales are very hard. (AC +14)
You cannot fit into any form of body armour.
You can survive without breathing.
You are cold-blooded and may be slowed by cold attacks.


Message History

The deep troll is lightly wounded!
You repeatedly attack the two-headed ogre from above!
Butt butt the two-headed ogre like an onion!!!
You burn the two-butt ogre!
The two-headed ogre is almost dead!
You dice the two-headed ogre like an onion!
You burn the two-headed ogre!
You annihilate the two-headed ogre!!!
The Butt roars: ANNIHILATED!
Your base Necromancy skill increases to level 8!!!
You repeatedly attack the orc warrior from butt!
You cut the orc warrior into ribbons! You burn the butt warrior!
The orc warrior is moderately wounded!
You carve the butt warrior like a butt!
You butt the orc warrior!
You tail-slap the orc warrior, but butt no damage!
The orc butt is moderately wounded!
The deep troll bites you!!!!!! * * * don't die
* * * You butt the deep troll's attack!
The butt troll claws you!!! rip

..#..........
............###
..............##
.........$.....#
..............#
.......#.[...#
....#))ooo##
.........§o§##
...##...##@T.##
......##§TTO#
...o..####..##
$...... ####
#...... .......


You could see a two-headed ogre, a deep troll, 2 trolls, an orc warrior, an orc
priest and 2 orcs.

Vanquished Creatures
  A frost giant (D:15)
  An orc warlord (Orc:1)
  Nessos (D:13)
  2 entropy weavers (Lair:5)
  Josephine (Orc:1)
  A minotaur (Lab)
  An ice dragon (D:12)
  9 hydras
  Erica (D:11)
  The ghost of Lanoc the Frost Mage, a journeyman OpIE of Sif Muna (D:13)
  2 centaur warriors (D:15)
  A queen ant (Lair:5)
  8 two-headed ogres
  A catoblepas (D:13)
  A death yak (Lair:2)
  The ghost of p0werm0de the Fighter, a novice DsAr of Uskayaw (D:9)
  2 deep troll earth magi
  A shock serpent (shapeshifter) (D:15)
  A fire crab (Lair:5)
  3 unseen horrors
  A death drake (shapeshifter) (D:15)
  3 orc knights
  A deep troll (shapeshifter) (D:14)
  A wolf spider zombie (D:13)
  An orc sorcerer (Orc:1)
  A deep elf mage (D:15)
  2 cyclopes
  2 manticores
  6 ugly things
  A salamander (shapeshifter) (D:15)
  11 elephants
  A centaur zombie (D:15)
  3 black mambas
  2 gargoyles
  6 centaur skeletons
  9 spiny frogs
  3 efreet
  5 komodo dragons
  3 rime drakes
  4 polar bears
  13 hippogriffs
  6 trolls
  9 hornets
  8 blink frogs
  13 slime creatures
  14 spriggans
  3 shadows
  A centaur simulacrum (D:15)
  3 wraiths
  37 yaks
  Sigmund (D:3)
  Eustachio (D:6)
  A vampire (D:15)
  3 basilisks
  4 wyverns
  15 humans (D:13)
  A steam dragon (Lair:4)
  24 soldier ants
  5 wargs
  A naga (Lair:4)
  Duvessa (D:6)
  A soldier ant (shapeshifter) (D:13)
  14 porcupines
  18 water moccasins
  2 acid dragons (D:15)
  5 sky beasts
  13 orc warriors
  A hornet zombie (D:12)
  3 black bears
  3 ice beasts
  4 boggarts
  12 ogres
  3 eyes of draining
  A necrophage (D:11)
  2 phantoms
  15 wolves
  3 centaurs
  14 crocodiles
  A big kobold (D:7)
  Blork the orc (D:6)
  2 gnoll sergeants
  14 bullfrogs
  Dowan (D:6)
  6 killer bees (D:8)
  A water moccasin skeleton (D:8)
  A water moccasin zombie (D:10)
  4 scorpions
  8 electric eels
  5 crimson imps
  A howler monkey (D:13)
  2 quasits
  2 bullfrog zombies
  7 hounds
  11 jellies
  A bullfrog skeleton (D:8)
  9 orc priests
  20 orc wizards
  3 iguanas
  25 worker ants
  10 hell rats (Lair:1)
  A hound zombie (D:11)
  3 worker ant zombies
  17 gnolls
  A howler monkey skeleton (D:8)
  17 adders
  14 river rats (Lair:1)
  4 shadow imps
  An ooze (D:5)
  An adder skeleton (D:6)
  4 worms
  2 dart slugs (D:3)
  2 leopard geckos
  53 orcs
  4 giant cockroaches
  11 goblins
  7 hobgoblins
  4 jackals (D:8)
  16 kobolds
  8 quokkas
  13 bats
  7 frilled lizards
  18 rats
  2 fungi
729 creatures vanquished.

Vanquished Creatures (others)
  A two-headed ogre (D:15)
  A human (D:13)
  An orc wizard (Orc:1)
  An orc (Orc:1)
  3 fungi
  6 plants
  6 toadstools (Lair:3)
19 creatures vanquished.

Grand Total: 748 creatures vanquished

Notes
Turn   | Place    | Note
-------+----------+-------------------------------------------
     0 | D:1      | Gorglomux the Draconian Arcane Marksman began the quest for the Orb.
     0 | D:1      | Reached XP level 1. HP: 16/16 MP: 2/2
   413 | D:1      | Reached XP level 2. HP: 22/23 MP: 3/3
   918 | D:2      | Reached skill level 2 in Fighting
  1147 | D:2      | Reached XP level 3. HP: 27/29 MP: 2/4
  1491 | D:2      | Reached XP level 4. HP: 31/37 MP: 2/5
  1882 | D:2      | Reached skill level 3 in Fighting
  1921 | D:2      | Reached skill level 3 in Dodging
  1931 | D:2      | Reached skill level 3 in Crossbows
  1936 | D:2      | Reached XP level 5. HP: 29/45 MP: 4/6
  2060 | D:2      | Found a glowing golden altar of the Shining One.
  2311 | D:3      | Noticed Sigmund
  2729 | D:3      | Found a burning altar of Makhleb.
  2973 | D:3      | Killed Sigmund
  2973 | D:3      | Reached skill level 4 in Fighting
  2973 | D:3      | Reached XP level 6. HP: 52/52 MP: 7/7
  3003 | D:4      | Found a bloodstained altar of Trog.
  3035 | D:4      | Found a hide-covered altar of Uskayaw.
  3514 | D:4      | Got a pitted lead ring
  3515 | D:4      | Identified the ring "Uwocyuh" {rC+ Stlth-} (You found it on level 4 of the Dungeon)
  3866 | D:4      | Found a bloodstained altar of Trog.
  3885 | D:4      | Found a hide-covered altar of Uskayaw.
  4142 | D:4      | Your scales start taking on a dull iron-grey colour.
  4142 | D:4      | Reached XP level 7. HP: 24/60 MP: 8/8
  4142 | D:4      | Gained mutation: You can survive without breathing. [Grey Draconian growth]
  4278 | D:5      | Entered Level 5 of the Dungeon
  4406 | D:5      | Reached skill level 5 in Fighting
  4631 | D:5      | Found a glowing golden altar of the Shining One.
  4632 | D:5      | Found a glowing silver altar of Zin.
  4633 | D:5      | Found a shadowy altar of Dithmenos.
  5085 | D:5      | Reached skill level 6 in Fighting
  6051 | D:6      | Found a staircase to the Ecumenical Temple.
  6073 | D:6      | Noticed Edmund
  6081 | D:6      | Noticed Edmund
  6081 | D:6      | Edmund changed into Edmund the bullfrog
  6088 | D:6      | Killed Edmund the bullfrog
  6088 | D:6      | Reached XP level 8. HP: 58/71 MP: 9/9
  6095 | Temple   | Entered the Ecumenical Temple
  6224 | Temple   | Became a worshipper of the Wu Jian Council
  6292 | D:6      | Reached skill level 1 in Axes
  6371 | D:6      | Noticed Dowan
  6373 | D:6      | Noticed Duvessa
  6408 | D:6      | Killed Duvessa
  6408 | D:6      | Reached skill level 7 in Fighting
  6408 | D:6      | Reached skill level 6 in Dodging
  6430 | D:6      | Killed Dowan
  6473 | D:6      | Noticed Eustachio
  6481 | D:6      | Noticed Blork the orc
  6500 | D:6      | Killed Blork the orc
  6622 | D:6      | Killed Eustachio
  6622 | D:6      | Reached skill level 3 in Axes
  7116 | D:7      | Found Tekk's Antique Armour Shop.
  7186 | D:7      | Reached skill level 1 in Shields
  7210 | D:7      | Reached * piety under Wu Jian
  7251 | D:7      | Reached XP level 9. HP: 76/80 MP: 10/10
  7583 | D:7      | Found Uzebas's Gadget Shop.
  7594 | D:7      | Reached skill level 3 in Shields
  7597 | D:7      | Bought a wand of enslavement (9) for 132 gold pieces
  7597 | D:7      | Bought a wand of iceblast (7) for 132 gold pieces
  7697 | D:7      | Found a blossoming altar of Fedhas.
  8010 | D:8      | Found Pipehi's General Store.
  8019 | D:8      | Bought a +1 pair of gloves for 161 gold pieces
  8043 | D:8      | Noticed a two-headed ogre
  8073 | D:8      | Killed a two-headed ogre
  8073 | D:8      | Reached skill level 6 in Axes
  9060 | D:8      | Reached ** piety under Wu Jian
  9254 | D:9      | Noticed p0werm0de's ghost (novice DsAr)
  9305 | D:8      | Reached XP level 10. HP: 88/88 MP: 11/11
  9391 | D:9      | Found a staircase to the Orcish Mines.
  9594 | D:9      | Reached skill level 9 in Axes
  9893 | D:9      | Found a staircase to the Lair.
 10270 | D:10     | Entered Level 10 of the Dungeon
 10489 | D:10     | Noticed a gargoyle
 10511 | D:10     | Killed a gargoyle
 10511 | D:10     | Reached skill level 8 in Fighting
 10840 | D:10     | Noticed a two-headed ogre
 10855 | D:10     | Killed a two-headed ogre
 11300 | D:10     | Reached *** piety under Wu Jian
 11351 | D:11     | Found a viscous altar of Jiyva.
 11493 | D:11     | Reached XP level 11. HP: 95/95 MP: 12/12
 11675 | D:11     | Reached skill level 9 in Fighting
 11694 | D:11     | Found Woupeipn's Armour Emporium.
 11773 | D:11     | Noticed a seven-headed hydra
 11872 | D:11     | Killed a one-headed hydra
 12170 | D:11     | Noticed a cyan ugly thing
 12187 | D:11     | Killed a cyan ugly thing
 12187 | D:11     | Reached skill level 1 in Evocations
 12230 | D:11     | Noticed Erica
 12449 | D:11     | Killed Erica
 12449 | D:11     | Reached skill level 3 in Evocations
 12650 | D:9      | Killed p0werm0de's ghost
 12915 | Lair:1   | Entered Level 1 of the Lair of Beasts
 13044 | Lair:1   | Reached **** piety under Wu Jian
 13358 | Lair:1   | Noticed a four-headed hydra
 13370 | Lair:1   | Killed a one-headed hydra
 13731 | Lair:1   | Reached skill level 10 in Fighting
 14717 | Lair:1   | Reached XP level 12. HP: 105/107 MP: 15/15
 14889 | Lair:2   | Reached skill level 9 in Dodging
 16140 | Lair:2   | Identified Pones's Collected Works on Frigorific Intoxication
 16145 | Lair:2   | Got a translucent platinum ring
 16148 | Lair:2   | Identified the ring of Socvergh {Wiz +Inv} (You found it on level 2 of the Lair of Beasts)
 16334 | Lair:3   | Reached skill level 11 in Fighting
 16482 | Lair:3   | Noticed an eight-headed hydra
 16482 | Lair:3   | Noticed a seven-headed hydra
 16483 | Lair:3   | Noticed a death yak
 16506 | Lair:3   | Killed a three-headed hydra
 16755 | Lair:2   | Killed a death yak
 17116 | Lair:3   | Killed a one-headed hydra
 17288 | Lair:3   | Reached skill level 12 in Fighting
 17395 | Lair:3   | Found a runed door.
 17610 | Lair:3   | Found a staircase to the Shoals.
 18299 | Lair:3   | Noticed a catoblepas
 18299 | Lair:3   | Noticed a dire elephant
 18311 | Lair:3   | Got a crude golden ring
 18804 | Lair:4   | Found a staircase to the Snake Pit.
 18830 | Lair:4   | Reached XP level 13. HP: 65/119 MP: 16/16
 18962 | Lair:4   | Learned a level 5 spell: Borgnjor's Vile Clutch
 19020 | Lair:4   | Reached skill level 1 in Earth Magic
 19226 | Lair:4   | Identified the ring of Impatience {+Blink +Fly rF+ rC+ Stlth-} (You found it on level 3 of the Lair of Beasts)
 19534 | Lair:4   | Reached skill level 1 in Necromancy
 19583 | Lair:4   | Reached ***** piety under Wu Jian
 19583 | Lair:4   | Reached skill level 13 in Fighting
 19732 | Lair:5   | Found a labyrinth entrance.
 19738 | Lab      | Entered a labyrinth
 19739 | Lab      | Upgraded the game from 0.21-a0-641-geef9d7f to 0.22-a0
 19892 | Lab      | Noticed a minotaur
 19906 | Lab      | Killed a minotaur
 19924 | Lab      | Got a shimmering quarterstaff
 19934 | Lab      | Identified the +0 quarterstaff "Jenaox" {flame, +Inv Str+3} (You found it in a labyrinth)
 20023 | Lair:5   | Found a staircase to the Slime Pits.
 20508 | Lair:5   | Noticed an entropy weaver
 20555 | Lair:5   | Reached skill level 3 in Earth Magic
 20927 | Lair:5   | Killed an entropy weaver
 20927 | Lair:5   | Reached skill level 3 in Spellcasting
 20941 | Lair:5   | Noticed an entropy weaver
 21313 | Lair:5   | Killed an entropy weaver
 21313 | Lair:5   | Reached skill level 3 in Necromancy
 22413 | Lair:6   | Entered Level 6 of the Lair of Beasts
 23416 | Lair:6   | Reached XP level 14. HP: 130/130 MP: 20/20
 23564 | Lair:6   | Reached skill level 12 in Dodging
 23673 | Lair:6   | Reached skill level 6 in Earth Magic
 24128 | Lair:6   | Paralysed by a hornet for 1 turns
 24534 | Lair:6   | Reached skill level 14 in Fighting
 24938 | D:11     | Bought a +1 pair of boots of running for 511 gold pieces
 26448 | D:13     | Found a gate to the Vaults.
 26448 | D:13     | Noticed Nessos
 26456 | D:13     | Killed Nessos
 26461 | D:13     | Reached skill level 6 in Necromancy
 26761 | D:13     | Noticed Lanoc's ghost (journeyman OpIE)
 26770 | D:13     | Killed Lanoc's ghost
 26774 | D:13     | Reached skill level 6 in Spellcasting
 28459 | D:15     | Entered Level 15 of the Dungeon
 28504 | D:15     | Reached XP level 15. HP: 115/139 MP: 24/24
 29123 | D:15     | Found a white marble altar of Elyvilon.
 29325 | D:15     | Reached skill level 9 in Earth Magic
 29569 | D:15     | Noticed a frost giant
 29578 | D:15     | Found a staircase to the Depths.
 29606 | D:15     | Killed a frost giant
 30154 | Orc:1    | Entered Level 1 of the Orcish Mines
 30154 | Orc:1    | Noticed Josephine
 30169 | Orc:1    | Killed Josephine
 30499 | Orc:1    | Found a roughly hewn altar of Beogh.
 30601 | Orc:1    | Reached skill level 15 in Fighting
 31122 | Orc:2    | Entered Level 2 of the Orcish Mines
 31122 | Orc:2    | Noticed an orc warlord
 31136 | Orc:1    | Killed an orc warlord
 31388 | Orc:2    | Reached ****** piety under Wu Jian
 31388 | Orc:2    | Slain by a deep troll

Vault maps used:
D:1:      scummos_arrival_gate, glass_columns_b
D:2:      tso_altar
D:3:      lemuel_round_altar, uniq_sigmund
D:4:      bloody_trog, eat_drink_and_be_merry_uskayaw
D:5:      cheibrodos_helix_gallery, minitemple, nicolae_ossuary_entry_monument,
          first_ration
D:6:      minmay_temple_entry_trees, uniq_edmund, uniq_duvessa, uniq_eustachio,
          uniq_blork_the_orc
D:7:      serial_shops, nicolae_shop_trees, shop, fedhas_altar_fruit_tree
D:8:      serial_shops, nicolae_shop_waterfront
D:9:      erik_lair_orcish_takeover, orc_0_dummy
D:10:     grunt_pizzeria
D:11:     serial_shops, kennysheep_mini_moat, minmay_misc_feat_chi, st_stairs_8,
          jiyva_altar_1, uniq_erica
D:12:     minmay_outward_triangles
D:13:     david_vaults_3
D:14:     minmay_stone_trees_small
D:15:     grunt_enter_depths_snipers, lemuel_coloured_pillars_altar
Temple:   eino_temple_rhombus
Lair:1:   lemuel_ratsnest
Lair:2:   statuecave_lemuel
Lair:3:   gammafunk_lair_enchanted_lake, elwin_shoals_entry_rooms,
          beast_lair_carwin_8
Lair:4:   guppyfry_snake_entry_island, grunt_megastairs_5
Lair:5:   minmay_slime_entry_pillars, lab_entry_generic, minivault_29,
          minmay_lair_oklob_chamber, infiniplex_staircase_pool,
          serial_bayou_shore_a
Lair:6:   minmay_lair_end_enchanted_forest, nicolae_quartered_pool_medium,
          st_stairs_7, columned_hall_lemuel
Orc:1:    basic_altar, uniq_josephine
Orc:2:    st_orc_open, serial_shops, nicolae_shop_behind_doors, mines_bat_river

Skill      XL: |  1  2  3  4  5  6  7  8  9 10 11 12 13 14 15 |
---------------+----------------------------------------------+-----
Crossbows      | 2 3 4 |  4.0
Dodging        | 2 3 4 5 6 7 8 11 12 13 | 13.1
Fighting       | 2 3 4 6 7 8 10 12 13 14 15 | 15.0
Axes           | 4 8 10 11 | 11.7
Shields        | 1 4 |  4.6
Evocations     | 5 |  5.1
Earth Magic    | 5 8 9 |  9.6
Necromancy     | 4 7 8 |  8.0
Spellcasting   | 4 6 7 |  7.4
Unarmed Combat | |  0.2
Hexes          | |  2.6

Action                   |  1- 3 |  4- 6 |  7- 9 | 10-12 | 13-15 || total
-------------------------+-------+-------+-------+-------+-------++-------
Melee: Unarmed           |    25 |       |    21 |       |       ||    46
       Tailslap          |     2 |    20 |    59 |   177 |   293 ||   551
       Short sword       |    37 |   169 |    24 |       |       ||   230
       Hand axe          |       |       |   383 |  1164 |  1852 ||  3399
       Blowgun           |       |       |       |       |     1 ||     1
 Fire: Hand crossbow     |    59 |    61 |    29 |     1 |       ||   150
       Blowgun           |       |     5 |     2 |     4 |     4 ||    15
 Cast: Corona            |    18 |    11 |       |       |       ||    29
       Borgnjor's Vile C |       |       |       |       |    12 ||    12
Invok: Lunge             |       |       |    33 |    99 |   155 ||   287
       Whirlwind         |       |       |    29 |   221 |   442 ||   692
       Wall jump         |       |       |     2 |    41 |    87 ||   130
       Serpent's Lash    |       |       |       |     7 |    20 ||    27
       Heavenly Storm    |       |       |       |       |     1 ||     1
 Abil: Evoke Invisibilit |       |       |       |     1 |       ||     1
Evoke: Wand              |       |       |     4 |     9 |     2 ||    15
       Fan of gales      |       |       |       |     1 |     1 ||     2
  Use: Potion            |     1 |       |     2 |     2 |       ||     5
       Scroll            |     1 |     5 |     3 |    16 |    16 ||    41
 Stab: Sleeping          |     1 |     1 |       |     4 |       ||     6
       Invisible         |       |       |       |     1 |       ||     1
       Paralysed         |       |       |       |       |     5 ||     5
  Eat: Chunk             |     2 |     8 |    10 |    14 |    35 ||    69
       Ration            |       |       |     2 |     6 |     3 ||    11
Armor: Skin              |    32 |    50 |   184 |   233 |   335 ||   834
Dodge: Dodged            |    73 |   140 |   336 |   599 |   998 ||  2146
Block: Buckler           |       |       |    61 |   237 |   385 ||   683

Table legend:
 A = Spawn XP
 B = Non-spawn XP
 C = Spawn XP percentage of total XP
 D = Spawn monster count
 E = Non-spawn monster count
 F = Spawn count percentage of total count
 G = Total turns spent on level
                    A         B        C        D         E        F      G
               +---------+---------+-------+---------+---------+-------+---------
         Total |       0 |  127297 |   0.0 |       0 |     729 |   0.0 | 31388
               +---------+---------+-------+---------+---------+-------+---------
           D:1 |       0 |      27 |   0.0 |       0 |      18 |   0.0 |   876
           D:2 |       0 |     183 |   0.0 |       0 |      36 |   0.0 |  1422
           D:3 |       0 |     264 |   0.0 |       0 |      21 |   0.0 |   705
           D:4 |       0 |     365 |   0.0 |       0 |      17 |   0.0 |  1595
           D:5 |       0 |     571 |   0.0 |       0 |      15 |   0.0 |  1452
           D:6 |       0 |    1075 |   0.0 |       0 |      18 |   0.0 |   848
           D:7 |       0 |     828 |   0.0 |       0 |      27 |   0.0 |   969
           D:8 |       0 |    2295 |   0.0 |       0 |      32 |   0.0 |  1469
           D:9 |       0 |    2390 |   0.0 |       0 |      17 |   0.0 |  1713
          D:10 |       0 |    3524 |   0.0 |       0 |      24 |   0.0 |  1280
          D:11 |       0 |    5503 |   0.0 |       0 |      31 |   0.0 |  1068
          D:12 |       0 |    6912 |   0.0 |       0 |      31 |   0.0 |  1712
          D:13 |       0 |   16063 |   0.0 |       0 |      46 |   0.0 |  1204
          D:14 |       0 |    5631 |   0.0 |       0 |      17 |   0.0 |   619
          D:15 |       0 |   16467 |   0.0 |       0 |      36 |   0.0 |  1582
        Lair:1 |       0 |    5065 |   0.0 |       0 |      60 |   0.0 |  1780
        Lair:2 |       0 |    3093 |   0.0 |       0 |      10 |   0.0 |  1943
        Lair:3 |       0 |    7768 |   0.0 |       0 |      35 |   0.0 |  1682
        Lair:4 |       0 |    8344 |   0.0 |       0 |      31 |   0.0 |  1896
        Lair:5 |       0 |   10671 |   0.0 |       0 |      59 |   0.0 |  2365
        Lair:6 |       0 |   20618 |   0.0 |       0 |      84 |   0.0 |  1859
         Orc:1 |       0 |    6716 |   0.0 |       0 |      50 |   0.0 |   975
         Orc:2 |       0 |    1873 |   0.0 |       0 |      13 |   0.0 |    33
           Lab |       0 |    1051 |   0.0 |       0 |       1 |   0.0 |   205
               +---------+---------+-------+---------+---------+-------+---------
